Map: Moondance

Players

Azure

  • Race: Terran Terran
  • Spawn Location: 12:00

Silky - Winner!

  • Race: Zerg Zerg
  • Spawn Location: 6:00

Event: DreamHack SC2 Masters 2022 Atlanta (Offline)

VOD

Have the link to the VOD?

Description

Time

  • Played on: Nov. 18, 2022, 10:58 a.m.
  • Length: 18:28

All games in this series

Show
View Real Time Build Order
Export as new Build Order

Azure Terran 

Build Orders: Hellion Opening, Reaper Expand 

Get SALT Encoding   

  12  0:00  SCV  
  13  0:12  SCV  
  14  0:16  Supply Depot  
  14  0:24  SCV  
  15  0:38  SCV  
  15  0:39  Barracks  
  16  0:43  Refinery  
  16  0:50  SCV  
  17  1:02  SCV  
  18  1:14  SCV  
  19  1:26  Reaper  
  19  1:27  Orbital Command  
  20  1:40  Command Center  
  20  1:50  Supply Depot  
  20  1:52  SCV  
  21  1:58  Marine  
  22  2:05  SCV  
  22  2:09  Factory  
  22  2:15  Refinery  
  22  2:17  SCV  
  22  2:19  Barracks Reactor  
  23  2:29  SCV  
  24  2:41  SCV  
  25  2:53  SCV  
  26  3:01  Orbital Command  
  26  3:02  Starport  
  26  3:04  Hellion  
  26  3:05  SCV  
  29  3:06  Hellion, Barracks Tech Lab  
  31  3:17  SCV  
  32  3:20  Supply Depot  
  32  3:26  Hellion  
  34  3:27  Hellion, SCV  
  34  3:29  SCV  
  38  3:40  SCV  
  39  3:41  SCV  
  39  3:47  Fusion Core  
  39  3:48  Hellion  
  42  3:49  Hellion  
  42  3:52  SCV  
  42  3:53  SCV  
  42  3:54  Marine  
  47  4:01  Supply Depot  
  50  4:10  SCV  
  50  4:16  SCV  
  49  4:21  Hellion x2  
  49  4:23  Supply Depot  
  53  4:25  SCV  
  53  4:29  SCV  
  55  4:35  Battlecruiser  
  55  4:37  SCV  
  62  4:45  SCV  
  61  4:49  SCV  
  57  5:00  Hellion x2, SCV  
  57  5:01  Supply Depot  
  57  5:02  SCV  
  57  5:11  Command Center  
  57  5:12  SCV, Barracks Tech Lab  
  58  5:14  SCV  
  59  5:24  SCV  
  59  5:26  Refinery, Barracks, SCV  
  59  5:27  Barracks  
  61  5:28  Refinery  
  61  5:31  Factory Reactor  
  61  5:33  Marine  
  62  5:36  SCV  
  62  5:37  Stimpack  
  62  5:38  Engineering Bay, SCV  
  62  5:39  Engineering Bay  
  64  5:48  SCV  
  65  5:50  SCV, Starport Reactor  
  65  5:51  Marine  
  67  6:00  SCV  
  67  6:02  SCV  
  69  6:08  Marine  
  70  6:12  SCV  
  70  6:14  Terran Infantry Armor Level 1, Terran Infantry Weapons Level 1  
  71  6:21  Barracks, Marine x2  
  71  6:24  Barracks  
  73  6:26  Marine x3  
  73  6:28  SCV  
  77  6:38  Siege Tank  
  77  6:39  Medivac x2, Marine x2  
  86  6:43  Marine  
  86  6:44  SCV x2, Marine x2  
  91  6:49  Orbital Command  
  91  6:56  SCV x2  
  91  7:00  Supply Depot  
  91  7:01  Supply Depot, Armory  
  93  7:18  Combat Shield  
  93  7:22  SCV x3, Medivac x2, Siege Tank, Marine x5  
  109  7:32  Barracks Reactor  
  109  7:33  Barracks Reactor  
  109  7:35  SCV  
  109  7:37  Supply Depot  
  109  7:39  Supply Depot  
  109  7:58  Supply Depot  
  109  7:59  Supply Depot, SCV x2, Siege Tank, Marine x3  
  109  8:00  Supply Depot  
  109  8:01  SCV, Marine x2, Refinery  
  109  8:02  Factory  
  120  8:06  Medivac x2  
  120  8:11  SCV x2  
  125  8:13  SCV  
  125  8:17  Marine  
  125  8:19  Marine x6  
  129  8:22  Marine  
  129  8:23  Marine  
  129  8:26  SCV x2  
  120  8:31  Siege Tank  
  120  8:33  Terran Infantry Weapons Level 2  
  123  8:35  Supply Depot, Marine  
  123  8:36  Supply Depot x2  
  123  8:37  Marine x2  
  127  8:42  Terran Infantry Armor Level 2  
  127  8:43  Marine  
  127  8:44  Marine x2  
  127  8:45  Command Center  
  127  8:46  SCV  
  130  8:48  Medivac  
  130  8:50  Marine x2  
  130  8:51  Marine  
  135  9:00  Marine  
  134  9:03  Siege Tank  
  134  9:04  Missile Turret  
  134  9:05  Missile Turret x2  
  134  9:09  Factory Reactor  
  127  9:11  Marine x2  
  127  9:12  Marine x4  
  127  9:13  Marine  
  127  9:16  Marine  
  135  9:18  Marine  
  135  9:24  Medivac  
  138  9:25  Missile Turret  
  138  9:29  Marine x3  
  138  9:30  Marine  
  142  9:36  Marine  
  142  9:37  Marine x4  
  150  9:39  Missile Turret  
  150  9:42  Missile Turret  
  147  9:46  Thor, Missile Turret  
  147  9:47  Marine x2  
  154  9:55  Marine x2  
  154  9:59  Widow Mine x2  
  160  10:02  Orbital Command  
  160  10:03  SCV, Missile Turret  
  160  10:04  SCV  
  160  10:05  SCV  
  161  10:07  Marine x2  
  161  10:12  Marine  
  162  10:19  Marine  
  162  10:20  Marine  
  163  10:22  Marine x2  
  163  10:24  Widow Mine x2  
  163  10:27  Marine  
  170  10:31  Thor  
  176  10:38  SCV x2  
  178  10:45  Widow Mine  
  178  10:46  Widow Mine  
  182  10:57  Marine  
  182  10:58  Marine x2  
  182  11:00  Terran Infantry Weapons Level 3, Terran Infantry Armor Level 3  
  185  11:07  Barracks x2, Widow Mine  
  185  11:10  Barracks  
  187  11:34  Widow Mine x2  
  187  11:40  Marine  
  187  11:44  Widow Mine, Marine x3  
  165  12:03  SCV x4  
  165  12:08  Thor, Marauder, Marine x2  
  171  12:10  Widow Mine x2  
  171  12:15  SCV x3  
  185  12:22  SCV  
  181  12:24  Missile Turret  
  181  12:25  Missile Turret  
  181  12:27  SCV  
  181  12:36  Widow Mine x2  
  181  12:37  SCV x2  
  181  12:39  SCV x2  
  181  12:40  Missile Turret  
  185  12:47  Supply Depot  
  185  12:48  Supply Depot  
  185  12:54  Missile Turret  
  184  13:09  Thor, Marine x4  
  184  13:10  Marauder  
  196  13:13  Barracks Tech Lab x3  
  196  13:15  Missile Turret  
  196  13:17  Missile Turret  
  196  13:19  Missile Turret  
  196  13:21  Command Center, Missile Turret  
  196  13:38  Widow Mine x2, Marine x5  
  187  13:41  Marine x2  
  187  13:42  Marine x4  
  193  13:51  Ghost Academy, Refinery  
  193  13:52  Terran Vehicle Weapons Level 1, Widow Mine  
  195  13:55  Marine  
  195  13:59  Supply Depot x2  
  195  14:01  Marine  
  196  14:03  Marine x2  
  196  14:05  Marine  
  196  14:06  Widow Mine x2  
  189  14:14  Widow Mine  
  188  14:21  Ghost  
  188  14:23  Barracks Tech Lab x3  
  188  14:24  Barracks Tech Lab  
  190  14:26  Command Center, Marine x2  
  190  14:27  Widow Mine  
  190  14:28  Widow Mine  
  196  14:31  Missile Turret  
  196  14:34  Marine x2  
  196  14:41  Ghost x2  
  200  15:10  Ghost  
  200  15:33  Ghost x4  
  188  15:38  Medivac  
  188  15:40  Marine x2  
  188  15:41  Marauder, Marine  
  194  15:43  Marine  
  195  15:54  Orbital Command  
  155  16:22  Ghost x3  
  155  16:23  Marine x6  
  155  16:24  Marine  
  140  16:28  Marauder  
  135  16:35  Engineering Bay  
  135  16:36  Engineering Bay  
  131  16:40  Marine  
  131  16:41  Marine x3  
  131  16:42  Marauder  
  124  16:48  SCV x3  
  124  16:49  SCV, Marauder  
  124  16:51  Marauder  
  129  17:00  SCV x2  
  129  17:01  SCV x2  
  133  17:05  Marauder, Marine x5  
  133  17:06  Marine x2  
  133  17:08  Supply Depot x2  
  142  17:09  Widow Mine x2  
  142  17:10  Widow Mine  
  142  17:12  SCV  
  149  17:16  Marine x2  
  149  17:17  Marauder  
  153  17:23  Marine x4  
  153  17:24  Marauder, Marine x2  
  153  17:27  Marauder  
  163  17:30  Widow Mine  
  161  17:39  Marine x2  
  161  17:40  Marauder, Marine  
  141  17:59  Widow Mine x2  
  141  18:02  Marine  
  141  18:03  Marauder, Marine x3  
  154  18:06  Marauder, Marine x4  
Show
View Real Time Build Order
Export as new Build Order

Silky Zerg - Winner!

Build Orders: Pool First 

Get SALT Encoding   

  12  0:01  Drone  
  13  0:12  Overlord  
  13  0:17  Drone  
  14  0:31  Drone x2  
  16  0:40  Spawning Pool  
  15  0:44  Drone  
  15  0:48  Drone  
  17  1:08  Hatchery  
  17  1:11  Drone  
  17  1:24  Extractor  
  16  1:27  Zergling x6  
  16  1:31  Queen  
  21  1:38  Overlord  
  21  1:50  Drone  
  23  2:01  Drone  
  23  2:06  Queen  
  25  2:11  Drone  
  26  2:19  Queen  
  26  2:20  Drone  
  26  2:22  Drone  
  30  2:27  Metabolic Boost  
  30  2:30  Drone  
  30  2:44  Overlord  
  30  2:46  Drone x4  
  34  2:55  Drone x2  
  35  3:09  Hatchery  
  35  3:11  Drone  
  35  3:12  Drone  
  36  3:17  Drone x2  
  36  3:19  Overlord  
  38  3:22  Drone  
  38  3:26  Drone x2  
  41  3:32  Drone x2  
  41  3:33  Drone  
  44  3:37  Overlord  
  44  3:41  Queen  
  44  3:47  Queen  
  48  3:52  Zergling x4  
  48  3:53  Zergling x2  
  48  3:54  Drone  
  52  3:58  Drone x2  
  52  4:02  Zergling x4  
  55  4:11  Drone x2  
  55  4:14  Baneling Nest  
  56  4:18  Overlord  
  56  4:20  Queen  
  56  4:24  Drone x5  
  60  4:28  Lair  
  60  4:31  Spore Crawler  
  62  4:34  Zergling x4  
  62  4:36  Zergling x4  
  66  4:41  Zergling x4  
  61  4:48  Spore Crawler  
  61  4:49  Spore Crawler  
  61  4:51  Drone x3  
  58  4:57  Drone  
  58  4:58  Drone x2  
  60  5:02  Drone x2  
  60  5:04  Drone  
  63  5:09  Queen  
  65  5:17  Overlord  
  65  5:18  Overlord  
  65  5:19  Overlord  
  65  5:28  Centrifugal Hooks  
  65  5:30  Queen, Overlord  
  65  5:34  Drone, Extractor  
  65  5:35  Extractor  
  65  5:36  Hatchery  
  65  5:38  Drone x2  
  65  5:39  Drone  
  65  5:41  Drone  
  68  5:43  Drone x2  
  68  5:46  Zergling x4  
  72  5:51  Zergling x6  
  72  5:56  Drone x3  
  74  5:58  Drone x2  
  77  6:04  Drone x2  
  78  6:12  Drone x4, Roach Warren  
  78  6:16  Drone x2  
  78  6:17  Drone x2  
  85  6:19  Drone x3  
  85  6:23  Drone  
  89  6:25  Overlord  
  89  6:34  Drone, Extractor x2  
  89  6:35  Overlord x2, Extractor  
  89  6:36  Overseer  
  87  6:46  Drone x2  
  89  6:50  Drone x2  
  89  6:51  Drone x2  
  89  6:52  Evolution Chamber  
  92  6:54  Drone, Evolution Chamber  
  92  6:55  Drone  
  92  6:56  Drone, Spire  
  92  6:57  Drone  
  92  7:00  Zergling x2  
  92  7:01  Zergling x4  
  97  7:03  Zergling x4  
  99  7:13  Zergling x6  
  99  7:14  Zergling x2  
  103  7:17  Drone x3  
  103  7:19  Zerg Ground Armor Level 1, Zerg Melee Weapons Level 1  
  103  7:21  Overlord  
  103  7:22  Drone x3  
  109  7:23  Drone  
  109  7:25  Overseer  
  109  7:27  Drone  
  109  7:29  Baneling x5  
  111  7:32  Baneling x2  
  111  7:34  Overlord  
  111  7:36  Baneling  
  110  7:38  Overlord  
  110  7:42  Baneling  
  110  7:43  Zergling x2  
  110  7:44  Zergling x16  
  119  7:51  Overlord x2  
  119  7:55  Zergling x8  
  119  7:58  Drone x2, Hatchery  
  125  8:01  Zergling x2, Extractor  
  124  8:07  Zergling x2  
  124  8:08  Zergling x6  
  123  8:16  Mutalisk x3  
  123  8:17  Mutalisk x3  
  121  8:22  Mutalisk x3  
  121  8:26  Drone x4  
  128  8:29  Extractor  
  128  8:32  Zergling x2  
  128  8:34  Mutalisk x2  
  126  8:36  Drone x3  
  126  8:40  Baneling x4  
  133  8:43  Zergling x4  
  133  8:45  Zergling x4  
  136  8:50  Zergling x2  
  136  8:52  Baneling x3  
  136  8:54  Zergling x2  
  138  8:59  Mutalisk x2  
  138  9:00  Mutalisk  
  143  9:03  Zergling x6  
  143  9:05  Hatchery  
  143  9:09  Zergling x6, Infestation Pit  
  149  9:10  Zergling x4  
  149  9:11  Mutalisk  
  149  9:12  Mutalisk  
  149  9:16  Zergling x6  
  149  9:17  Zergling x2  
  157  9:18  Overlord  
  157  9:22  Extractor, Overlord  
  156  9:26  Overlord x2  
  156  9:28  Overseer  
  156  9:29  Zerg Melee Weapons Level 2  
  156  9:30  Zerg Ground Armor Level 2  
  154  9:32  Overlord  
  154  9:35  Zergling x2  
  154  9:36  Zergling x4  
  154  9:37  Overlord  
  154  9:38  Drone x3  
  159  9:39  Drone x5  
  159  9:42  Zergling x2  
  159  9:43  Zergling x12  
  172  9:51  Zergling x8  
  176  9:54  Hive  
  176  9:58  Baneling x14  
  176  10:00  Zergling x10  
  176  10:06  Zergling x2  
  176  10:07  Zergling x8  
  186  10:12  Zergling x24  
  198  10:17  Overseer, Pneumatized Carapace  
  198  10:19  Overseer, Mutalisk  
  198  10:20  Zergling x2  
  199  10:23  Baneling x13  
  199  10:31  Baneling x4  
  199  10:33  Overlord, Spine Crawler x2  
  199  10:35  Zergling x4  
  197  10:43  Mutalisk  
  197  10:48  Baneling x9  
  197  10:49  Baneling x2  
  199  10:52  Mutalisk x2  
  199  10:54  Zergling x4  
  199  11:01  Overseer  
  199  11:11  Adrenal Glands  
  199  11:13  Ultralisk Cavern  
  196  11:26  Zergling x2  
  196  11:27  Zergling x4  
  199  11:35  Zergling x48  
  197  11:51  Zergling x16  
  187  12:03  Ultralisk x2  
  187  12:04  Chitinous Plating  
  191  12:26  Ultralisk  
  193  12:45  Zerg Ground Armor Level 3, Zerg Melee Weapons Level 3  
  193  12:48  Hatchery  
  192  12:52  Hatchery  
  192  12:54  Zerg Flyer Weapons Level 1  
  189  13:05  Baneling x8  
  189  13:07  Ultralisk  
  195  13:23  Anabolic Synthesis  
  195  13:37  Zergling x8  
  190  13:55  Ultralisk x2  
  176  14:10  Zergling x6, Ultralisk  
  176  14:11  Zergling x32  
  200  14:18  Burrow  
  199  14:39  Pathogen Glands  
  199  14:56  Spore Crawler, Drone, Spine Crawler  
  199  14:57  Drone  
  199  14:58  Spore Crawler x2  
  197  15:06  Zerg Flyer Weapons Level 2  
  189  15:15  Corruptor  
  189  15:16  Corruptor x4  
  189  15:17  Hydralisk Den  
  198  15:33  Corruptor x2  
  198  15:35  Neural Parasite  
  195  15:39  Zergling x8  
  199  15:58  Hatchery  
  199  16:00  Drone x2  
  199  16:03  Spore Crawler  
  199  16:04  Spore Crawler, Spine Crawler  
  196  16:05  Spine Crawler  
  182  16:14  Zergling x6  
  182  16:15  Zergling x72  
  182  16:17  Infestor x2  
  193  16:22  Zergling x18  
  194  16:32  Ultralisk  
  194  16:34  Overlord x5  
  188  16:46  Overlord x2  
  176  16:53  Ultralisk x3  
  194  16:54  Ultralisk x2  
  194  16:58  Extractor x2  
  194  17:01  Drone x2  
  200  17:02  Spore Crawler, Drone  
  200  17:04  Baneling x2  
  200  17:05  Baneling x27  
  200  17:06  Overseer x3  
  178  17:49  Zergling x58, Ultralisk  
  198  17:58  Drone  
  197  18:00  Zergling x4, Lurker Den  
Tags
 
Add a new tag
Caveats
  • Supply blocks, unpowered buildings, or Contaminate may cause inaccurate times.
  • Supply counts are checked every 10 seconds.